 Dungeon Crawl Stone Soup version 0.29.1-12-g30fa7ad0bf (webtiles) character file.

Game seed: 10250512798715966002

25 112233 the Firebug (level 2, -9/15 HPs)
             Began as a Deep Elf Fire Elementalist on Dec 18, 2022.
             Mangled by an iguana (11 damage)
             ... on level 3 of the Dungeon.
             The game lasted 00:00:38 (1064 turns).

112233 the Firebug (Deep Elf Fire Elementalist)     Turns: 1064, Time: 00:00:39

Health: -9/15      AC:  2    Str:  5    XL:     2   Next: 82%
Magic:  4/8        EV: 12    Int: 19    God:
Gold:   52         SH:  0    Dex: 15    Spells: 4/7 levels left

rFire   . . .      SeeInvis .   (no weapon)
rCold   . . .      Faith    .   (no shield)
rNeg    . . .      Spirit   .   a - +0 robe
rPois   .          Reflect  .   (no helmet)
rElec   .          Harm     .   (no cloak)
rCorr   .          Rampage  .   (no gloves)
Will    .....                   (no boots)
Stlth   ++........              (no amulet)
HPRegen 0.05/turn               (no ring)
MPRegen 0.11/turn               (no ring)

@: no status effects
A: no striking features
a: no special abilities


You were on level 3 of the Dungeon.
You visited 1 branch of the dungeon, and saw 4 of its levels.

You collected 52 gold pieces.

Inventory:

Armour
 a - a +0 robe (worn)
Jewellery
 f - a ring of protection from cold
Scrolls
 c - 7 scrolls of identify {unknown}
 e - a scroll of fog {unknown}
Potions
 b - a potion of magic
 d - a potion of berserk rage {unknown}


   Skills:
 - Level 2.6 Dodging
 - Level 2.7 Stealth
 - Level 3.2 Spellcasting
 - Level 1.3 Conjurations
 + Level 4.1 Fire Magic


You had 4 spell levels left.
You knew the following spells:

 Your Spells              Type           Power      Damage    Failure   Level
a - Foxfire               Conj/Fire      52%        2x1d6     4%          1
b - Scorch                Fire           36%        2d6       4%          2

Your spell library contained the following spells:

 Spells                   Type           Power      Damage    Failure   Level
 Conjure Flame            Conj/Fire      13%        6-21      14%         3
 Inner Flame              Hex/Fire       10%        N/A       19%         3
 Flame Wave               Conj/Fire      13%        2d6       43%         4


Dungeon Overview and Level Annotations

Branches:
Dungeon (4/15)
 Temple: D:4-7

Altars:
Makhleb


Message History

You kill the endoplasm!
Casting: Foxfire (safe; 4% risk of failure)
Confirm with . or Enter, or press ? or * to list all spells.
You conjure some foxfire!
Unknown command.
Your foxfire dissipates! x2
Magic restored.
An iguana comes into view.
The iguana hisses angrily.
An iguana is nearby!
Casting: Foxfire (safe; 4% risk of failure)
Confirm with . or Enter, or press ? or * to list all spells.
You conjure some foxfire!
The foxfire hits the iguana.
The iguana is moderately wounded.
The foxfire hits the iguana but does no damage.
The iguana is moderately wounded.
Casting: Foxfire (safe; 4% risk of failure)
Confirm with . or Enter, or press ? or * to list all spells.
You conjure some foxfire!
The foxfire hits the iguana.
The iguana is heavily wounded.
The foxfire hits the iguana.
The iguana is heavily wounded.
Unknown command.
Casting: Foxfire (safe; 4% risk of failure)
Confirm with . or Enter, or press ? or * to list all spells.
You conjure some foxfire!
The foxfire hits the iguana.
The iguana is severely wounded.
The foxfire hits the iguana.
The iguana is severely wounded.
The iguana bites you!
Ouch! That really hurt!
* * * LOW HITPOINT WARNING * * *
Casting: Foxfire (safe; 4% risk of failure)
Confirm with . or Enter, or press ? or * to list all spells.
You conjure some foxfire!
The iguana bites you!
Ouch! That really hurt!
You die...

#. . #. #.##.###
...... ##...##
#.###...v.###[###
.......v@l......
###...ยง.###..##
##.>.## ##.## #.#
..# ####


You could see an iguana (ally target).

Vanquished Creatures
  A dart slug (D:2)
  3 ball pythons (D:1)
  An endoplasm (D:3)
  2 giant cockroaches
  2 goblins
  5 hobgoblins
  A kobold (D:1)
  2 bats (D:1)
  A frilled lizard (D:1)
  2 rats (D:1)
20 creatures vanquished.

Vanquished Creatures (others)
  83 foxfires
83 creatures vanquished.

Grand Total: 103 creatures vanquished

Notes
Turn   | Place    | Note
-------+----------+-------------------------------------------
     0 | D:1      | 112233 the Deep Elf Fire Elementalist began the quest for
                  | the Orb.
     0 | D:1      | Reached XP level 1. HP: 10/10 MP: 6/6
   291 | D:1      | Reached XP level 2. HP: 15/15 MP: 4/8
   801 | D:1      | Learned a level 2 spell: Scorch
   858 | D:2      | Found a burning altar of Makhleb.
   916 | D:2      | Reached skill level 4 in Fire Magic
   968 | D:2      | You fall into a shaft and drop 2 floors!
  1064 | D:3      | Mangled by an iguana

Illustrated notes

Levels and vault maps discovered:
D:1:      mrwooster_arrival_statue_3, layout_basic
D:2:      layout_basic, basic_altar
D:3:      layout_loops_ring, chequers_temple_overflow_statue_of_worship,
          dreamdust_ecumenical_altar_statues
D:4:      layout_basic, minmay_temple_entry_mini_moons, uniq_grinder

Skill      XL: |  1  2 |
---------------+-------+-----
Fire Magic     | 4 |  4.1
Dodging        | |  2.6
Stealth        | |  2.7
Spellcasting   | |  3.2
Conjurations   | |  1.3

Action                   || total
-------------------------++-------
 Cast: Foxfire           ||    46
